Match 48487478
Unlisted

Match 48487478
End
Selects Airborne Battlegroup
Selects Heavy Machine Gun Paradrop
Heavy Machine Gun Paradrop
Construct Barracks
Scout Squad
Heavy Machine Gun Paradrop
M1 Mortar Team
Selects Paratrooper Squad Paradrop
Paratrooper Squad Paradrop
Paratrooper Squad Paradrop
Selects Anti-tank Gun Team Paradrop
Construct Medical Station
Construct Weapon Support Center
Infantry Support Center
Paratrooper Squad Paradrop
Construct Tank Depot
M4A1 Sherman Medium Tank
Engineer Squad
Selects Recon Loiter
Selects Supply Drop
Selects Dual P-47 Rocket Strike
Dual P-47 Rocket Strike
Advanced Logistics
Paratrooper Squad Paradrop
M18 Hellcat Tank Destroyer
Anti-tank Gun Team Paradrop
Dual P-47 Rocket Strike
Semmelweis
mr.napalman
Angrybirds
Stana
0
0

Comments sign in to comment!

No comments posted yet!